 Dungeon Crawl Stone Soup version 0.32-a0-540-g866d13106e (webtiles) character file.

Game seed: 1016052618471344316

234066 Esekla the Eclecticist (level 19, -12/135 HPs)
             Began as an Octopode Delver on Feb 27, 2024.
             Was an Initiate of Gozag.
             Mangled by a faun
             ... wielding a +0 spear
             ... led by a satyr
              (66 damage)
             ... on level 3 of the Shoals on Feb 28, 2024.
             The game lasted 05:25:47 (37933 turns).

Esekla the Eclecticist (Octopode Delver)           Turns: 37933, Time: 05:25:47

Health: -12/135    AC: 19    Str: 18    XL:     19   Next: 58%
Magic:  36/40      EV:  2    Int: 34    God:    Gozag
Gold:   3295       SH:  0    Dex: 14    Spells: 17/52 levels left

rFire   . . .        a - +5 long sword (elec)
rCold   + . .        R - +2 kite shield {rC+}
rNeg    + + .        (helmet restricted)
rPois   +            j - amulet of Surprise {RegenMP rElec Str+2}
rElec   +            Y - +4 ring of protection
rCorr   .            y - +4 ring of protection
SInv    +            S - +4 ring of slaying
Will    .....        J - +4 ring of protection
Stlth   +++          k - ring "Vomn" {rElec rN+ Str+4 Int+6}
HPRegen 0.42/turn    A - +6 ring of protection
MPRegen 0.67/turn    b - ring of Ziyceod {rPois rN+ Slay+4 SInv}
                     V - +9 ring of intelligence

%: no passive effects
@: lit by a corona, sleeping, weak-willed, glowing
A: almost no armour, amphibious, 8 rings, camouflage 1, gelatinous body 1,
nimble swimmer 1, tentacles
}: 1/15 runes: gossamer
a: Renounce Religion, Potion Petition, Call Merchant, Bribe Branch


You were on level 3 of the Shoals.
You worshipped Gozag.
Gozag was most pleased with you.
You visited 6 branches of the dungeon, and saw 30 of its levels.
You also visited: Ossuary, Gauntlet, Ice Cave and Volcano.

You collected 13498 gold pieces.
You spent 4092 gold pieces at shops.
You paid 6111 gold pieces to Gozag.

Inventory:

Hand Weapons
 a - a +5 long sword of electrocution (weapon)
 r - the +8 trident "Puvomexi" {holy, rCorr Int+6}
   (You found it on level 14 of the Dungeon)

   Int+6:     It affects your intelligence (+6).
   rCorr:     It protects you from acid and corrosion.
 s - a +1 dagger of pain
 v - a +0 quick blade of venom
 w - a +3 long sword of holy wrath
 z - the +3 scimitar "Lir Peil" {freeze, rElec rC+ rN+ Will+}
   (You bought it in a shop on level 9 of the Dungeon)

   rC+:       It protects you from cold.
   rElec:     It insulates you from electricity.
   rN+:       It protects you from negative energy.
   Will+:     It increases your willpower.
 Q - a +0 demon blade of electrocution
Missiles
 h - 34 poisoned darts (quivered)
 I - 11 boomerangs
Armour
 R - a +2 kite shield of cold resistance (worn)
 W - a +2 buckler
Jewellery
 b - the ring of Ziyceod (on tentacle) {rPois rN+ Slay+4 SInv}
   (You acquired it in a Gauntlet)

   [ring of slaying]

   Slay+4:    It affects your accuracy & damage with ranged weapons and melee
   (+4).
   rPois:     It protects you from poison rN+: It protects you from negative
   energy.
   SInv:      It lets you see invisible.
 e - the amulet of Dingor {Regen+ Dex+4 Stlth+}
   (You found it on level 2 of the Dungeon)

   [amulet of regeneration]

   Dex+4:     It affects your dexterity (+4).
   Regen+:    It increases your rate of health regeneration.
   Stlth+:    It makes you more stealthy.
 j - the amulet of Surprise (around mantle) {RegenMP rElec Str+2}
   (You bought it in a shop on level 12 of the Dungeon)

   [amulet of magic regeneration]

   RegenMP:   It increases your rate of magic regeneration.
   Str+2:     It affects your strength (+2).
   rElec:     It insulates you from electricity.
 k - the ring "Vomn" (on tentacle) {rElec rN+ Str+4 Int+6}
   (You found it in a Gauntlet)

   [ring of intelligence]

   Str+4:     It affects your strength (+4).
   Int+6:     It affects your intelligence (+6).
   rElec:     It insulates you from electricity.
   rN+:       It protects you from negative energy.
 q - a ring of protection from fire
 t - an amulet of reflection
 y - a +4 ring of protection (right tentacle)
 A - a +6 ring of protection (on tentacle)
 J - a +4 ring of protection (on tentacle)
 S - a +4 ring of slaying (on tentacle)
 V - a +9 ring of intelligence (on tentacle)
 Y - a +4 ring of protection (left tentacle)
 Z - a ring of ice
Wands
 f - a wand of digging (3)
 g - a wand of mindburst (5)
 D - a wand of iceblast (14)
 K - a wand of acid (7)
 U - a wand of flame (11)
Scrolls
 d - 7 scrolls of fear
 i - 6 scrolls of teleportation
 l - 3 scrolls of poison
 n - a scroll of brand weapon
 p - 2 scrolls of enchant weapon
 L - 4 scrolls of enchant armour
 N - a scroll of fog
 P - a scroll of silence
 T - 3 scrolls of blinking
Potions
 c - a potion of experience
 m - 2 potions of enlightenment
 o - 13 potions of curing
 u - 5 potions of ambrosia
 x - 2 potions of heal wounds
 B - 5 potions of attraction
 C - 4 potions of cancellation
 E - 7 potions of might
 F - 4 potions of haste
 G - 4 potions of lignification
 H - 6 potions of resistance
 M - a potion of berserk rage
 O - 4 potions of magic
 X - 3 potions of brilliance


   Skills:
 * Level 13.5 Fighting
 + Level 5.2(9.2) Short Blades
 + Level 11.6(12.1) Long Blades
 + Level 3.0 Throwing
 * Level 12.7 Dodging
 - Level 12.2 Stealth
 * Level 6.7 Shields
 * Level 17.1 Spellcasting
 + Level 7.2 Conjurations
 * Level 8.5 Necromancy
 + Level 5.0 Translocations
 * Level 11.4 Ice Magic
 + Level 9.0 Alchemy
 + Level 0.2 Evocations


You had 17 spell levels left.
You knew the following spells:

 Your Spells              Type           Power      Damage    Failure   Level
a - Ozocubu's Armour      Ice            82%        N/A       1%          3
b - Blink                 Tloc           100%       N/A       1%          2
d - Vampiric Draining     Necr           72%        2d11      1%          3
g - Ozocubu's Refrigerat  Ice            41%        4d16      22%         7
i - Irradiate             Conj/Alch      35%        3d23      2%          5
p - Apportation           Tloc           100%       N/A       1%          1
r - Frozen Ramparts       Ice            100%       1d16      1%          3
u - Dispel Undead         Necr           72%        3d24      1%          4
w - Fugue of the Fallen   Necr           72%        N/A       1%          3
x - Olgreb's Toxic Radia  Alch           74%        N/A       1%          4

Your spell library contained the following spells:

 Spells                   Type           Power      Damage    Failure   Level
 Freeze                   Ice            100%       1d10      1%          1
 Magic Dart               Conj           100%       1d8       1%          1
 Necrotise                Necr           100%       1d9       1%          1
 Sting                    Conj/Alch      100%       1d9       1%          1
 Cigotuvi's Dreadful Rot  Necr/Alch/Air  100%       N/A       1%          2
 Ensorcelled Hibernation  Hex/Ice        100%       N/A       1%          2
 Hailstorm                Conj/Ice       75%        3d13      1%          3
 Summon Ice Beast         Ice/Summ       62%        N/A       1%          3
 Alistair's Intoxication  Alch           49%        N/A       1%          5
 Curse of Agony           Necr           72%        N/A       2%          5
 Summon Small Mammal      Summ           100%       N/A       3%          1
 Manifold Assault         Tloc           59%        N/A       3%          4
 Passage of Golubria      Tloc           59%        N/A       3%          4
 Call Imp                 Summ           58%        N/A       4%          2
 Martyr's Knell           Necr/Summ      55%        N/A       4%          4
 Petrify                  Alch/Erth      56%        N/A       4%          4
 Sculpt Simulacrum        Ice/Alch       39%        N/A       7%          6
 Call Canine Familiar     Summ           29%        N/A       9%          3
 Passwall                 Erth           29%        N/A       9%          3
 Sigil of Binding         Hex            29%        N/A       9%          3
 Swiftness                Air            29%        N/A       9%          3
 Dimensional Bullseye     Hex/Tloc       23%        N/A       11%         4
 Eringya's Noxious Bog    Alch           37%        4d6       11%         6
 Yara's Violent Unravell  Hex/Alch       28%        3d12      12%         5
 Death Channel            Necr           36%        N/A       13%         6
 Borgnjor's Vile Clutch   Necr/Erth      27%        N/A       14%         5
 Summon Blazeheart Golem  Fire/Summ      29%        N/A       28%         4
 Silence                  Hex/Air        14%        N/A       63%         5
 Summon Mana Viper        Hex/Summ       29%        N/A       63%         5
 Borgnjor's Revivificati  Necr           36%        N/A       99%         8
 Malign Gateway           Summ/Tloc      23%        N/A       100%        7
 Monstrous Menagerie      Summ           14%        N/A       100%        7
 Lehudib's Crystal Spear  Conj/Erth      26%        10d7      100%        8
 Summon Horrible Things   Summ           14%        N/A       100%        8
 Death's Door             Necr           36%        N/A       100%        9
 Polar Vortex             Ice            41%        12d5*     100%        9
 Animate Dead             Necr           Unusable   N/A       N/A         4

Dungeon Overview and Level Annotations

Branches:
Dungeon (15/15)            Temple (1/1) D:5            Lair (5/5) D:8
 Shoals (3/4) Lair:3       Spider (4/4) Lair:2        Slime (0/5) Lair:5
    Orc (2/2) D:12            Elf (0/3) Orc:2        Vaults (0/5) D:14
 Depths (0/4) D:15        Ossuary (visited)           IceCv (visited)
Volcano (visited)         Gauntlet (visited)

Altars:
Ashenzari
Cheibriados
Dithmenos
Elyvilon
Fedhas
Gozag
Hepliaklqana
Kikubaaqudgha
Makhleb
Nemelex Xobeh
Okawaru
Qazlal
Ru
Sif Muna
Trog
Uskayaw
Vehumet
Wu Jian
Xom
Yredelemnul
Zin
The Shining One
Beogh
Jiyva
Lugonu

Shops:
D:7 (   D:8 *=*   D:9 *(![   D:10 *   D:11 =   D:12 =   D:15 [   Orc:1 [
Orc:2 =*[(   Shoals:2 =

Portals:
Abyss: Lair:5

Annotations:
Lair:5 1 runed translucent door


Innate Abilities, Weirdness & Mutations

You cannot wear most types of armour.
You are amphibious.
You can wear up to eight rings at the same time.
Your skin changes colour to match your surroundings (Stealth+).
Your rubbery body absorbs attacks. (AC +1, EV +1)
You are camouflaged when in or above water. (Stealth+)
You have tentacles for arms and can constrict up to eight enemies at once.


Message History

The faun shoots a sling bullet.
The sling bullet barely misses you.
The faun shoots a sling bullet.
The sling bullet hits you!!
You wake up.
A manticore comes into view.
The satyr shoots an arrow.
The arrow hits you!
The faun looks more healthy.
The faun unwields a +0 sling.
The faun wields a +0 spear.
The faun closely misses you.
The faun splashes around in the water.
The faun casts a spell at you.
You are outlined in light.
The faun unwields a +1 quarterstaff of speed.
The faun wields a +0 sling.
The faun shoots a sling bullet.
You block the sling bullet.
The satyr shoots an arrow.
You block the arrow.
Casting: Olgreb's Toxic Radiance (mildly dangerous; 1% risk of failure)
Confirm with . or Enter, or press ? or * to list all spells.
You begin to radiate toxic energy.
The manticore is poisoned.
The faun is poisoned.
The faun looks even sicker. x2
You block the faun's attack.
The faun shoots a sling bullet.
The sling bullet hits you but does no damage.
The faun splashes around in the water.
The satyr shoots an arrow.
You block the arrow.
The faun shoots a sling bullet.
The sling bullet hits you!
You slash the satyr! Your grab misses the satyr.
The satyr is heavily wounded.
The satyr looks as sick as possible!
The faun looks as sick as possible!
The faun looks even sicker.
You block the faun's attack. x2
The satyr shoots an arrow.
The arrow hits you!!
Casting: Olgreb's Toxic Radiance (mildly dangerous; 1% risk of failure)
Confirm with . or Enter, or press ? or * to list all spells.
Aiming: Vampiric Draining (safe; 1% risk of failure)
Press: ? - help, Shift-Dir - straight line, f - faun
Aim: a faun, wielding a +0 sling (heavily wounded, strong, very poisoned)
You draw life force from the faun!
You feel life coursing into your body.
The satyr looks as sick as possible!
The faun looks even sicker. x2
Your toxic aura wanes.
The faun hits you from afar with a +0 spear!
The faun closely misses you.
The satyr plays a lulling melody on its pipes!
You fall asleep.
The faun hits you from afar with a +0 spear!!!
You die...
Your body crumbles into a pile of gold.

≈≈≈≈≈≈~~~.(.~~≈≈≈≈≈~~....≈≈~...
≈≈≈≈≈≈≈~~~.~~≈≈≈≈≈≈≈~~.~~~~~~..
~≈≈≈≈≈≈≈≈≈≈≈≈~≈≈≈≈≈≈≈~~~~~~≈~.~
~~≈≈≈≈~~~~≈~~~~~~≈≈≈≈≈≈~~~~≈~~~
~~~≈≈~~~~~~~~~~~~~≈≈≈≈≈~~~~~~~~
P~~≈≈≈P~~~P~~~~~~~~≈≈≈≈≈≈≈~~<~~
~~≈≈≈≈~~~~~~~~~~~~≈≈≈≈≈≈≈~~~~~
≈≈≈≈≈P~~P~~~~≈~~~≈≈≈≈≈≈≈≈≈~~~
PPP~~~~~~~c@~~~~≈≈≈≈≈≈≈≈≈~~~
~PP~~~P~~ccc~~~~≈≈≈≈≈≈≈≈~~~
PP..#.~~Hc~~~~~~≈≈≈≈≈≈≈≈≈≈
.P.##~~~~~~~~~≈≈≈≈≈≈≈≈≈≈≈ P~
..~~~~~~~~~≈≈≈≈≈≈≈≈≈≈≈
~~~~~~~~~~~~≈≈ ≈≈≈≈≈≈≈
~~~~~~≈≈≈≈~~~≈≈ ≈≈≈≈≈≈
~~~~~~≈≈≈~~~~≈≈ ≈≈≈≈~


You could see a satyr (extremely poisoned), 4 fauns and a manticore (poisoned).

Vanquished Creatures
  Arachne (Spider:2)
  Jorgrun (D:14)
  Rupert (Spider:1)
  Mlioglotl (Spider:2)
  The ghost of Uximull the Devastator, an adept DsCA of Gozag (Spider:3)
  Frances (D:12)
  A tengu reaver (D:14)
  Polyphemus (Shoals:2)
  Donald (Spider:2)
  3 ghost moths
  7 emperor scorpions
  6 frost giants
  2 orc warlords (Orc:2)
  A broodmother (Spider:2)
  A white draconian (IceCv)
  2 spark wasps
  A minotaur (Gauntlet)
  Snorg (D:14)
  3 merfolk impalers (Shoals:1)
  A merfolk javelineer (Shoals:1)
  A fire dragon (D:14)
  5 entropy weavers
  An entropy weaver (shapeshifter) (D:15)
  3 ice dragons (IceCv)
  Harold (D:11)
  11 hydras
  An ogre mage (Orc:2)
  6 jorogumos
  A merfolk avatar (Shoals:1)
  7 centaur warriors
  10 ironbound frosthearts (IceCv)
  6 boulder beetles
  2 anacondas (Lair:3)
  3 radroaches
  4 catoblepae
  11 demonic crawlers
  8 two-headed ogres
  3 orc high priests (Orc:2)
  9 death yaks
  2 occultists
  3 thrashing horrors
  6 tengu warriors
  11 skeletal warriors
  Amaemon (Lair:2)
  2 skysharks
  6 sea snakes
  4 pharaoh ants
  A spectral ghost moth (Spider:3)
  2 arcanists
  4 sun moths
  A deep elf archer (D:14)
  10 orb spiders
  7 orc knights
  An orange crystal statue (IceCv)
  A harpy (shapeshifter) (Lair:5)
  3 steelbarb worms
  3 deep elf pyromancers
  2 necromancers
  5 orc sorcerers
  18 ugly things
  10 manticores
  4 fauns (Shoals:1)
  A large abomination (Lair:5)
  23 wolf spiders
  10 cyclopes
  4 moths of wrath
  7 meliai
  An ice statue (Shoals:2)
  2 kobold blastminers (Orc:2)
  12 black mambas
  2 merfolk sirens
  16 elephants
  2 smoke demons
  3 water nymphs (Shoals:1)
  4 torpor snails
  2 gargoyles
  14 cane toads
  An orange demon (Lair:2)
  A cane toad (shapeshifter) (Lair:5)
  2 kobold demonologists
  10 rime drakes
  An emperor scorpion simulacrum (Spider:3)
  An unseen horror (D:13)
  12 komodo dragons
  A yaktaur (shapeshifter) (Lair:5)
  15 polar bears
  2 trolls
  18 merfolk
  2 red devils (Volcano)
  3 wind drakes
  A polar bear (shapeshifter) (D:15)
  3 jorogumo simulacra (Spider:3)
  A broodmother simulacrum (Spider:3)
  2 hornets
  34 tarantellas
  27 blink frogs
  17 dream sheep
  3 raiju (Lair:5)
  5 snapping turtles
  34 jumping spiders
  21 culicivoras
  A shadow (D:12)
  A centaur simulacrum (D:13)
  A snapping turtle (shapeshifter) (D:14)
  9 wyverns
  2 ynoxinuls (Lair:5)
  4 water elementals
  Eustachio (D:5)
  75 yaks
  2 spriggans (Lair:5)
  A human (shapeshifter) (D:10)
  8 basilisks
  A yak (shapeshifter) (D:14)
  6 wargs
  4 vampire mosquitoes (Spider:1)
  A chaos spawn (Lair:5)
  3 steam dragons
  71 redbacks
  Menkaure (D:4)
  Edmund (D:5)
  An acid dragon (D:10)
  4 hell hounds
  16 water moccasins
  A sky beast (D:8)
  An ice beast (D:6)
  46 orc warriors
  15 small abominations
  7 centaurs
  3 laughing skulls (Gauntlet)
  9 ogres
  15 wolves
  7 kobold brigands
  17 bullfrogs
  5 scorpions
  3 gnoll sergeants
  A burial acolyte (Ossuary)
  5 wights
  17 killer bees
  An electric eel (D:10)
  2 howler monkeys
  A crimson imp (D:13)
  4 bombardier beetles
  A hound (D:5)
  Crazy Yiuf (D:5)
  2 jellies
  23 orc priests
  3 iguanas
  28 orc wizards
  A mummy (Ossuary)
  6 gnolls
  6 adders
  2 shadow imps
  A white imp (D:7)
  A dart slug (D:4)
  88 orcs
  7 endoplasms
  4 goblins
  7 hobgoblins
  6 jackals
  21 kobolds
  A quokka (D:4)
  8 ball pythons
  2 bats (D:2)
  2 frilled lizards
  8 gnoll skeletons (Ossuary)
  7 kobold skeletons (Ossuary)
  5 orc skeletons (Ossuary)
  3 rats
1175 creatures vanquished.

Vanquished Creatures (others)
  A pharaoh ant (Spider:3)
  A wolf spider (Spider:4)
  A polar bear (IceCv)
  A culicivora (Spider:4)
  A kobold (D:4)
5 creatures vanquished.

Grand Total: 1180 creatures vanquished

Notes
Turn   | Place    | Note
-------+----------+-------------------------------------------
     0 | D:5      | Esekla the Octopode Delver began the quest for the Orb.
     0 | D:5      | Reached XP level 1. HP: 16/16 MP: 1/1
    30 | D:5      | Found an ancient bone altar of Kikubaaqudgha.
    32 | D:5      | Found a bloodstained altar of Trog.
    41 | D:5      | Found a radiant altar of Vehumet.
    44 | D:5      | Found a hazy altar of Hepliaklqana.
    49 | D:5      | Found a hide-covered altar of Uskayaw.
    50 | D:5      | Noticed Edmund
    96 | D:5      | Found a staircase to the Ecumenical Temple.
   103 | Temple   | Entered the Ecumenical Temple
   124 | Temple   | Became a worshipper of Gozag Ym Sagoz the Greedy
   213 | D:5      | Noticed a jelly
   279 | D:4      | Noticed a jelly
   401 | D:4      | Noticed a bombardier beetle
   486 | D:1      | Reached XP level 2. HP: 15/21 MP: 2/2
   671 | D:1      | Found a faded altar of an unknown god.
  1221 | D:2      | Reached XP level 3. HP: 9/26 MP: 3/3
  1358 | D:2      | Identified the amulet of Dingor {Regen+ Dex+4 Stlth+}
  2153 | D:3      | Reached skill level 1 in Spellcasting
  2164 | D:3      | Reached XP level 4. HP: 31/31 MP: 5/5
  2323 | D:3      | Learned a level 3 spell: Frozen Ramparts
  2738 | D:4      | Reached XP level 5. HP: 36/36 MP: 6/6
  3098 | D:4      | Noticed a kobold brigand
  3126 | D:4      | Killed a kobold brigand
  3127 | D:4      | Reached skill level 1 in Ice Magic
  3127 | D:4      | Reached XP level 6. HP: 34/42 MP: 8/8
  3149 | D:4      | Reached skill level 1 in Throwing
  3279 | D:4      | Reached skill level 2 in Spellcasting
  3354 | D:4      | Noticed Menkaure
  3402 | D:4      | Killed Menkaure
  3403 | D:4      | Reached XP level 7. HP: 47/47 MP: 10/10
  3843 | D:5      | Found a runed translucent door.
  3844 | D:5      | Noticed Crazy Yiuf
  3851 | D:5      | Killed Crazy Yiuf
  3900 | D:5      | Reached skill level 1 in Short Blades
  3936 | D:5      | Reached XP level 8. HP: 54/54 MP: 12/12
  4001 | D:5      | Noticed Eustachio
  4010 | D:5      | Killed Eustachio
  4011 | D:5      | Reached skill level 3 in Spellcasting
  4622 | D:5      | Found a shimmering altar of Xom.
  4640 | D:5      | Killed Edmund
  4789 | D:6      | Reached skill level 10 in Stealth
  4794 | D:6      | Reached XP level 9. HP: 60/60 MP: 14/14
  5394 | D:7      | Reached skill level 4 in Spellcasting
  5492 | D:7      | Found a white marble altar of Elyvilon.
  5552 | D:7      | Reached skill level 5 in Fighting
  5574 | D:7      | Found a sand-covered staircase.
  5629 | Ossuary  | Entered an ossuary
  5948 | Ossuary  | Reached skill level 5 in Long Blades
  6488 | D:8      | Noticed a two-headed ogre
  6501 | D:8      | Found Wipsapeuj's One-of-a-Kind Rings.
  6609 | D:8      | Found a staircase to the Lair.
  6690 | D:8      | Identified the +0 rapier of Accord {protect, Dex+3}
  6851 | D:8      | Learned a level 1 spell: Apportation
  6996 | D:8      | Killed a two-headed ogre
  6997 | D:8      | Reached skill level 5 in Dodging
  6997 | D:8      | Reached XP level 10. HP: 68/68 MP: 17/17
  7248 | D:9      | Found Biagot's Armour Shoppe.
  7276 | D:9      | Noticed an arcanist
  7284 | D:9      | Killed an arcanist
  7285 | D:9      | Reached skill level 5 in Spellcasting
  7285 | D:9      | Reached skill level 5 in Ice Magic
  7372 | D:9      | Found Loxe's Assorted Antiques.
  7377 | D:9      | Found Ipna Dirue's Antique Weapon Emporium.
  7383 | D:9      | Bought a scroll labelled TUCYTR LYIPT for 31 gold pieces
  7448 | D:9      | Bought an encrusted scimitar for 180 gold pieces
  7448 | D:9      | Identified the +3 scimitar "Lir Peil" {freeze, rElec rC+
                  | rN+ Will+} (You bought it in a shop on level 9 of the
                  | Dungeon)
  7448 | D:9      | Bought a glowing dagger for 100 gold pieces
  7665 | D:9      | Found Uclitzuv's Distillery.
  7669 | D:9      | Bought a potion of curing for 39 gold pieces
  7669 | D:9      | Bought a potion of attraction for 39 gold pieces
  8052 | D:10     | Entered Level 10 of the Dungeon
  8059 | D:10     | Noticed a manticore
  8102 | D:10     | Killed a manticore
  8117 | D:10     | Reached XP level 11. HP: 40/74 MP: 19/19
  8206 | D:10     | Noticed a tengu warrior
  8330 | D:10     | Noticed a cyclops
  8339 | D:10     | Killed a cyclops
  8390 | D:10     | Found Moshroxta's General Store.
  8667 | D:10     | Reached skill level 6 in Spellcasting
  8781 | Lair:1   | Entered Level 1 of the Lair of Beasts
  9171 | Lair:1   | Reached XP level 12. HP: 84/84 MP: 22/22
  9210 | Lair:1   | Reached skill level 7 in Spellcasting
  9452 | Lair:1   | Found a dark tunnel.
  9469 | Volcano  | Entered a volcano
  9645 | Volcano  | Got the Almanac of a Billion Artists
  9789 | D:8      | Bought a +6 ring of protection for 1170 gold pieces
  9911 | D:10     | Killed a tengu warrior
 10039 | D:10     | Noticed a two-headed ogre
 10541 | D:10     | Noticed a catoblepas
 10541 | D:10     | Noticed a tengu warrior
 10654 | D:10     | Bought a scroll of identify for 24 gold pieces
 10672 | D:11     | Reached skill level 1 in Alchemy
 10758 | D:11     | Learned a level 4 spell: Olgreb's Toxic Radiance
 10776 | D:11     | Reached skill level 1 in Conjurations
 10873 | D:11     | Found Naos's Jewellery Boutique.
 10890 | D:11     | Noticed Harold
 11147 | Lair:2   | Noticed Amaemon
 11162 | Lair:2   | Found a hole to the Spider Nest.
 11285 | Lair:2   | Identified the +6 hand axe of Ipse Dixit {elec, *Rage rElec
                  | rF++ Will+}
 11336 | Lair:1   | Learned a level 2 spell: Blink
 11381 | Lair:2   | Reached skill level 8 in Spellcasting
 11614 | Lair:2   | Reached skill level 1 in Translocations
 11616 | Lair:2   | Reached XP level 13. HP: 69/90 MP: 19/25
 11738 | Lair:2   | Identified the orb of the Sandy Dragon {guile, rF+ rN+}
 11762 | Lair:2   | Killed Amaemon
 12837 | D:8      | Bought a +9 ring of intelligence for 1170 gold pieces
 12844 | D:8      | Learned a level 5 spell: Irradiate
 13166 | D:11     | Killed Harold
 13167 | D:11     | Reached skill level 9 in Spellcasting
 14140 | Lair:3   | Reached skill level 10 in Fighting
 14140 | Lair:3   | Reached skill level 5 in Alchemy
 14248 | Lair:3   | Reached skill level 10 in Spellcasting
 14253 | Lair:3   | Reached XP level 14. HP: 99/99 MP: 14/28
 14560 | Lair:3   | Found a staircase to the Shoals.
 14598 | Lair:3   | You fall into a shaft and drop 1 floor!
 14621 | Lair:4   | Reached skill level 10 in Long Blades
 14914 | Lair:4   | Found a gate leading to a gauntlet.
 14925 | Gauntlet | Entered a Gauntlet
 14925 | Gauntlet | Found a transporter.
 14934 | Gauntlet | Found a transporter.
 14949 | Gauntlet | Found a transporter.
 14955 | Gauntlet | Found a transporter.
 14970 | Gauntlet | Found a transporter.
 14990 | Gauntlet | Found a transporter.
 15002 | Gauntlet | Found a transporter.
 15014 | Gauntlet | Found a transporter.
 15023 | Gauntlet | Found a transporter.
 15038 | Gauntlet | Found a transporter.
 15055 | Gauntlet | Found a transporter.
 15073 | Gauntlet | Found a transporter.
 15075 | Gauntlet | Found a transporter.
 15101 | Gauntlet | Found a transporter.
 15103 | Gauntlet | Found a transporter.
 15105 | Gauntlet | Found a transporter.
 15133 | Gauntlet | Found a transporter.
 15135 | Gauntlet | Found a transporter.
 15161 | Gauntlet | Identified 3 scrolls of acquirement
 15161 | Gauntlet | Acquired the ring of Ziyceod {rPois rN+ Slay+4 SInv}
 15765 | Gauntlet | Identified the ring "Vomn" {rElec rN+ Str+4 Int+6}
 16089 | Gauntlet | Identified the +3 quarterstaff of Unreason {vamp, *Slow
                  | rElec rCorr Str-4}
 16262 | Lair:3   | Reached skill level 11 in Spellcasting
 17192 | Lair:4   | Upgraded the game from 0.32-a0-485-g70f7560b1c to
                  | 0.32-a0-540-g866d13106e
 17564 | D:12     | Noticed Frances
 18016 | D:12     | Reached skill level 5 in Short Blades
 18187 | D:12     | Found a staircase to the Orcish Mines.
 18298 | D:12     | Killed Frances
 18299 | D:12     | Reached skill level 5 in Conjurations
 18415 | Orc:1    | Entered Level 1 of the Orcish Mines
 18570 | Orc:1    | Found Owiozxur's Antique Armour Boutique.
 18614 | Orc:2    | Entered Level 2 of the Orcish Mines
 18673 | Orc:2    | Noticed an orc warlord
 18685 | Orc:2    | Killed an orc warlord
 18734 | Orc:2    | Reached skill level 1 in Necromancy
 18923 | Orc:2    | Found a roughly hewn altar of Beogh.
 19116 | Orc:2    | Reached XP level 15. HP: 105/105 MP: 19/30
 19249 | Orc:2    | Found a staircase to the Elven Halls.
 19417 | Orc:1    | Reached skill level 12 in Spellcasting
 19621 | Orc:1    | Found a roughly hewn altar of Beogh.
 19876 | Orc:2    | Noticed an orc warlord
 19882 | Orc:2    | Reached skill level 10 in Dodging
 19945 | Orc:2    | Killed an orc warlord
 20735 | Orc:2    | Found Kerch's Antique Armour Shoppe.
 20736 | Orc:2    | Found Von Qoal's Antique Weapon Shoppe.
 20738 | Orc:2    | Found Putul's General Store.
 20738 | Orc:2    | Found Saryir's Jewellery Emporium.
 20745 | Orc:2    | Bought a scroll of noise for 14 gold pieces
 21045 | D:8      | Bought a scroll of identify for 42 gold pieces
 21132 | Lair:5   | Entered Level 5 of the Lair of Beasts
 21452 | Lair:5   | Found a runed translucent door.
 21453 | Lair:5   | Found a viscous altar of Jiyva.
 21454 | Lair:5   | Noticed an azure jelly
 21454 | Lair:5   | Noticed an azure jelly
 21776 | Lair:5   | Reached skill level 13 in Spellcasting
 22293 | Lair:5   | Found a staircase to the Slime Pits.
 22440 | Lair:5   | Reached XP level 16. HP: 112/112 MP: 33/33
 22817 | Lair:5   | Found a corrupted altar of Lugonu.
 22817 | Lair:5   | Found a one-way gate to the infinite horrors of the Abyss.
 23110 | Lair:5   | Acquired a +0 demon blade of electrocution
 23112 | Lair:5   | Acquired the Collected Works on the Macabre Crevasse
 23119 | Lair:5   | Learned a level 4 spell: Dispel Undead
 23123 | Lair:5   | Learned a level 3 spell: Vampiric Draining
 23201 | D:8      | Bought a distressingly furry kite shield for 399 gold
                  | pieces
 23201 | D:8      | Identified the +0 kite shield of Lifelessness {rN+ Will-
                  | Str+4 SInv} (You bought it in a shop on level 8 of the
                  | Dungeon)
 23201 | D:8      | Bought a tourmaline ring for 210 gold pieces
 23950 | D:13     | Learned a level 3 spell: Ozocubu's Armour
 23954 | D:13     | Learned a level 3 spell: Fugue of the Fallen
 24208 | D:14     | Noticed Snorg
 24218 | D:14     | Noticed Jorgrun
 24222 | D:14     | Killed Snorg
 24226 | D:14     | Killed Jorgrun
 24328 | D:14     | Identified the +8 trident "Puvomexi" {holy, rCorr Int+6}
 24369 | D:14     | Found a gate to the Vaults.
 24417 | D:14     | Reached skill level 14 in Spellcasting
 24759 | D:14     | Found a runed translucent door.
 24764 | D:14     | Noticed a tengu reaver
 24927 | D:14     | Reached skill level 5 in Necromancy
 24932 | D:14     | Killed a tengu reaver
 25135 | D:15     | Entered Level 15 of the Dungeon
 25187 | D:15     | Reached skill level 1 in Shields
 25416 | D:15     | Learned a level 7 spell: Ozocubu's Refrigeration
 25885 | D:15     | Reached XP level 17. HP: 89/119 MP: 35/35
 26405 | D:15     | Found a staircase to the Depths.
 26748 | Spider:1 | Entered Level 1 of the Spider Nest
 27437 | Spider:1 | Reached skill level 15 in Spellcasting
 27692 | Spider:1 | Noticed Rupert
 27697 | Spider:1 | Paralysed by Rupert for 2 turns
 27706 | Spider:1 | Killed Rupert
 27930 | Spider:1 | Reached skill level 10 in Ice Magic
 28520 | D:12     | Bought the amulet of Surprise {RegenMP rElec Str+2} for 674
                  | gold pieces
 29202 | Spider:2 | Noticed Mlioglotl
 29213 | Spider:2 | Killed Mlioglotl
 29425 | Spider:2 | Noticed Arachne
 29435 | Spider:2 | Killed Arachne
 29639 | Spider:2 | Noticed Donald
 29653 | Spider:2 | Killed Donald
 30823 | Spider:3 | Reached XP level 18. HP: 71/127 MP: 29/37
 31290 | Spider:3 | Found a runed translucent gate.
 31290 | Spider:3 | Found a runed translucent gate.
 31290 | Spider:3 | Found a runed translucent gate.
 31311 | Spider:3 | Noticed Uximull's ghost (adept DsCA)
 32342 | Spider:3 | Killed Uximull's ghost
 32343 | Spider:3 | Reached skill level 16 in Spellcasting
 32503 | Spider:3 | Identified the ring "Micat" {rElec Will+ Dex+4 Stlth+}
 32566 | Spider:4 | Entered Level 4 of the Spider Nest
 32894 | Spider:4 | Reached skill level 5 in Shields
 34025 | Spider:4 | Identified the +0 pair of boots "Ydun" {rF- Regen+ Int+3}
 34368 | Spider:4 | Got a gossamer rune of Zot
 34661 | Shoals:1 | Entered Level 1 of the Shoals
 35243 | Shoals:1 | Reached XP level 19. HP: 113/134 MP: 39/39
 35866 | Shoals:2 | Found a glacial archway.
 36036 | IceCv    | Entered an ice cave
 36089 | IceCv    | Reached skill level 5 in Translocations
 36737 | IceCv    | Reached skill level 17 in Spellcasting
 37098 | Shoals:2 | Noticed Polyphemus
 37125 | Shoals:2 | Killed Polyphemus
 37933 | Shoals:3 | Mangled by a faun

Illustrated notes

Levels and vault maps discovered:
D:1:      heliophobic_arrival_ceremonial_halls, layout_basic,
          shapermc_ecumenical_altar_venn
D:2:      layout_loops_cross, minmay_tetromino_t2
D:3:      layout_loops_ring, kennysheep_decorative_pillar, columned_hall_lemuel,
          minmay_shallow_snake_nest
D:4:      cheibrodos_thug_alley, layout_basic, uniq_menkaure
D:5:      layout_basic, nicolae_overflow_hallway_of_the_gods,
          minmay_temple_entry_wispy, kennysheep_generic_room_5,
          uniq_crazy_yiuf_cottage, uniq_edmund, uniq_eustachio
D:6:      layout_rooms, minmay_statues_item, minmay_manual_mail
D:7:      layout_basic, mainiacjoe_overflow_alcove_1, enter_ossuary_5
D:8:      layout_loops_ring, dpeg_oklobed_lair, nicolae_shop_unique_rings
D:9:      cheibrodos_wizards_tower, layout_irregular_city, serial_shops,
          nicolae_shop_hallway_stairs, nicolae_shop_just_a_little_nook, shop,
          shop
D:10:     minmay_diamond_stairs, layout_long_grid, serial_shops,
          nicolae_take_the_stairs, kennysheep_dice
D:11:     layout_loops_ring, serial_glass, glass_columns_a, glass_columns_b,
          serial_shops, shop_fountains, uniq_harold
D:12:     layout_rooms, david_orc_2, special_room [special_room_orc],
          uniq_frances
D:13:     layout_rooms, chequers_garden, lightli_wizard_tower
D:14:     layout_rooms, david_vaults_4, nicolae_the_louvre, minivault_13,
          uniq_jorgrun, uniq_snorg
D:15:     hangedman_depths_entry_civil_slaughter, layout_basic,
          hex_intersection, minmay_circle_x
Temple:   nicolae_temple_superstar
Lair:1:   layout_regular_city, enter_volcano_3, grunt_megastairs_4
Lair:2:   layout_small_grid, nicolae_spider_entry_lesser_pyramids, uniq_amaemon
Lair:3:   nzn_winding_woodlands_large [nzn_winding_woodlands_5x5_closed_star,
          nzn_winding_woodlands_5x15_zeroes, nzn_winding_woodlands_hourglass,
          nzn_winding_woodlands_center_diamonds,
          nzn_winding_woodlands_15x15_five_gardens,
          nzn_winding_woodlands_center_garden, nzn_winding_woodlands_5x5_three,
          nzn_winding_woodlands_5x15_pathside_ponds,
          nzn_winding_woodlands_5x5_open_star], layout_cave_pods,
          shoals_dummy_entry
Lair:4:   layout_hall_layers, gauntlet_entry_generic
Lair:5:   hellmonk_lair_end_abyssal_woods, layout_regular_city, slime_entry_2,
          infiniplex_staircase_pool_2, grunt_megastairs_1
Shoals:1: nicolae_shoals_island_circles, layout_shoals
Shoals:2: layout_shoals, portal_ice_cave_entry_ice_statue_one,
          nicolae_shoals_gull_way, uniq_polyphemus
Shoals:3: layout_shoals
Spider:1: layout_spider_delve, einodemon_crawler_minivault, uniq_rupert
Spider:2: layout_cave_pods, uniq_donald, uniq_mlioglotl, uniq_arachne
Spider:3: layout_cave_pods, gammafunk_ghost_necromancy, drop_trap,
          hangedman_spider_tarantella_strand
Spider:4: johnstein_spider_rune_arachne_lair
Orc:1:    nicolae_orc_accident_3, layout_caves, serial_shops,
          nicolae_lakefront_shop, basic_altar
Orc:2:    st_orc_congregation, layout_caves, mines2_david

Skill      XL: |  1  2  3  4  5  6  7  8  9 10 11 12 13 14 15 16 17 18 19 |
---------------+----------------------------------------------------------+-----
Stealth        | 7 8 9 10 12 | 12.2
Spellcasting   | 1 2 3 4 5 6 8 10 11 13 14 15 16 17 | 17.1
Long Blades    | 3 4 5 7 8 9 10 11 | 11.6
Ice Magic      | 1 2 3 4 6 7 8 9 10 11 | 11.4
Throwing       | 1 2 3 |  3.0
Dodging        | 3 4 5 6 7 8 9 10 11 12 | 12.7
Fighting       | 4 5 6 8 9 10 11 12 13 | 13.5
Short Blades   | 1 2 3 4 5 |  5.2
Alchemy        | 3 5 6 7 8 9 |  9.0
Conjurations   | 2 4 5 6 7 |  7.2
Translocations | 1 2 3 4 5 |  5.0
Necromancy     | 1 3 5 6 7 8 |  8.5
Shields        | 2 4 5 6 |  6.7
Evocations     | |  0.2

Action                     |  1- 3 |  4- 6 |  7- 9 | 10-12 | 13-15 | 16-18 | 19-21 || total
---------------------------+-------+-------+-------+-------+-------+-------+-------++-------
  Melee: Falchion          |    35 |    43 |    44 |       |       |       |       ||   122
         Constrict         |    10 |    12 |    31 |    25 |    74 |   131 |    26 ||   309
         Tentacles         |     5 |    12 |    26 |    64 |   163 |   217 |    72 ||   559
         Dagger            |    15 |    14 |    45 |    24 |       |    38 |    30 ||   166
         Long sword        |       |       |    50 |    13 |       |   433 |    68 ||   564
         Scimitar          |       |       |       |   216 |   313 |   142 |    90 ||   761
         Quick blade       |       |       |       |    24 |   153 |    25 |       ||   202
  Throw: Dart              |     4 |     1 |     3 |    19 |    78 |    15 |     4 ||   124
   Cast: Frozen Ramparts   |       |       |     4 |    39 |    88 |    62 |     7 ||   200
         Apportation       |       |       |       |     9 |   215 |   122 |    13 ||   359
         Olgreb's Toxic Ra |       |       |       |     3 |   113 |    98 |    23 ||   237
         Irradiate         |       |       |       |       |    10 |    37 |    12 ||    59
         Blink             |       |       |       |       |     2 |     4 |     1 ||     7
         Ozocubu's Armour  |       |       |       |       |       |    54 |    16 ||    70
         Dispel Undead     |       |       |       |       |       |    11 |       ||    11
         Vampiric Draining |       |       |       |       |       |    22 |    10 ||    32
         Fugue of the Fall |       |       |       |       |       |    11 |     5 ||    16
         Ozocubu's Refrige |       |       |       |       |       |     3 |     1 ||     4
 Invoke: Call Merchant     |       |       |     1 |       |     2 |     2 |     1 ||     6
  Evoke: Wand              |       |     1 |       |       |    11 |     2 |       ||    14
    Use: Scroll            |     1 |       |     8 |     6 |    13 |     5 |     1 ||    34
         Potion            |     1 |       |       |     1 |     2 |     5 |     2 ||    11
   Stab: Sleeping          |    15 |     4 |    38 |    28 |    40 |    36 |    13 ||   174
         Distracted        |       |     2 |     1 |     4 |     5 |     9 |     3 ||    24
         Invisible         |       |       |       |       |     6 |       |       ||     6
         Petrifying        |       |       |       |       |     3 |       |       ||     3
         Petrified         |       |       |       |       |     2 |       |     2 ||     4
 Armour: Skin              |    19 |    15 |    43 |   100 |   171 |   638 |   181 ||  1167
  Dodge: Dodged            |    28 |    32 |    80 |   167 |   311 |   775 |   138 ||  1531
  Block: Buckler           |       |       |       |       |       |   238 |    38 ||   276
         Kite shield       |       |       |       |       |       |       |    59 ||    59

Table legend: (Time is in decaauts)
 A = Elapsed time spent in this place.
 B = Non-inter-level travel time spent in this place.
 C = Inter-level travel time spent in this place.
 D = Time resting spent in this place.
 E = Time spent auto-exploring this place.
 F = Levels seen in this place.
 G = Mean time per level.
                   A        B        C        D        E       F      G
               +--------+--------+--------+--------+--------+-----+--------+
         Total |  37652 |  34990 |   2662 |   7172 |  10003 |  34 | 1107.4 |
       Dungeon |  15518 |  13790 |   1728 |   1826 |   3871 |  15 | 1034.5 |
        Temple |     42 |      1 |     41 |      0 |      0 |   1 |   42.0 |
          Lair |   7254 |   6753 |    501 |   1276 |   2137 |   5 | 1450.8 |
        Shoals |   2334 |   2294 |     40 |    340 |   1105 |   3 |  778.0 |
   Spider Nest |   7404 |   7109 |    295 |   2327 |   2065 |   4 | 1851.0 |
  Orcish Mines |   2434 |   2378 |     56 |    520 |    749 |   2 | 1217.0 |
       Ossuary |    394 |    394 |      0 |      6 |      0 |   1 |  394.0 |
      Ice Cave |    869 |    869 |      0 |    417 |     55 |   1 |  869.0 |
       Volcano |    236 |    236 |      0 |     31 |     21 |   1 |  236.0 |
      Gauntlet |   1162 |   1162 |      0 |    427 |      0 |   1 | 1162.0 |
               +--------+--------+--------+--------+--------+-----+--------+

Top non-repeatable levels by time:
Spider:3: 2080 daAuts
    D:10: 2034 daAuts
  Lair:5: 1971 daAuts
Spider:4: 1958 daAuts
Spider:2: 1900 daAuts
  Lair:3: 1840 daAuts
   Orc:2: 1715 daAuts
  Lair:2: 1510 daAuts
Spider:1: 1465 daAuts
    D:15: 1390 daAuts
     D:8: 1213 daAuts
     D:4: 1201 daAuts
     D:5: 1188 daAuts
Gauntlet: 1162 daAuts
Shoals:2: 1127 daAuts
